 Dungeon Crawl Stone Soup version 0.32-a0-791-gfc315c9ecd (webtiles) character file.

Game seed: 13309771925709164244

123 AeshMezareph the Trooper (level 5, 0/54 (55) HPs)
             Began as an Oni Warper on Mar 20, 2024.
             Slain by a black bear (3 damage)
             ... on level 4 of the Dungeon.
             The game lasted 00:07:24 (3426 turns).

AeshMezareph the Trooper (Oni Warper)               Turns: 3426, Time: 00:07:24

HP:   0/54 (55)     AC:  3    Str: 17    XL:     5   Next: 7%
MP:   8/8           EV:  8    Int: 14    God:
Gold: 57            SH:  0    Dex:  8    Spells: 8/8 levels left

rFire   . . .        a - +0 mace
rCold   . . .        (no shield)
rNeg    . . .        b - +0 robe
rPois   .            (helmet restricted)
rElec   .            (no cloak)
rCorr   .            (gloves unavailable)
SInv    .            (boots unavailable)
Will    .....        (no amulet)
Stlth   +            (no ring)
HPRegen 0.29/turn    (no ring)
MPRegen 0.11/turn

%: no passive effects
@: hasted, lightly drained, very quick
A: large, unfitting armour, horns 1, tough skin 1, double potion healing,
drunken brawling
a: no special abilities


You were on level 4 of the Dungeon.
You visited 1 branch of the dungeon, and saw 4 of its levels.

You collected 183 gold pieces.
You spent 126 gold pieces at shops.

Inventory:

Hand Weapons
 a - a +0 mace (weapon)
Missiles
 d - 7 darts of dispersal (quivered)
 i - 9 poisoned darts
Armour
 b - a +0 robe (worn)
Jewellery
 l - an amulet of magic regeneration
Scrolls
 c - a scroll of blinking
Potions
 j - 2 potions of heal wounds
 m - a potion of curing


   Skills:
 * Level 4.7 Fighting
 * Level 3.5 Maces & Flails
 - Level 1.0 Throwing
 - Level 2.1 Dodging
 - Level 2.4 Spellcasting
 + Level 3.2 Translocations


You had 8 spell levels left.
You didn't know any spells.
Your spell library contained the following spells:

 Spells                   Type           Power      Damage    Failure   Level
 Apportation              Tloc           20%        N/A       6%          1
 Blink                    Tloc           20%        N/A       9%          2
 Lesser Beckoning         Tloc           20%        N/A       9%          2
 Gell's Gravitas          Tloc           10%        N/A       19%         3
 Teleport Other           Tloc           10%        N/A       19%         3
 Necrotise                Necr           4%         1d4       22%         1
 Sting                    Conj/Alch      4%         1d3       22%         1
 Summon Small Mammal      Summ           4%         N/A       22%         1
 Manifold Assault         Tloc           10%        N/A       52%         4
 Frozen Ramparts          Ice            2%         1d1       56%         3
 Ozocubu's Armour         Ice            1%         N/A       56%         3
 Vhi's Electric Charge    Tloc/Air       12%        N/A       75%         4
 Metabolic Englaciation   Hex/Ice        0%         N/A       99%         5
 Dispersal                Tloc           5%         N/A       100%        6


Dungeon Overview and Level Annotations

Branches:
Dungeon (4/15)
 Temple: D:4-7

Altars:
Ashenzari
Dithmenos
Sif Muna
Yredelemnul

Shops:
D:3 :?:=!


Innate Abilities, Weirdness & Mutations

You are too large for most types of armour.
You have a pair of small horns on your head.
You have tough skin. (AC +1)
You gain doubled healing and magic from potions.
Whenever you drink a healing potion, you attack all around you.


Message History

You hit the black bear.
The black bear is severely wounded.
The black bear bites you. The black bear claws you.
The black bear claws you but does no damage.
You closely miss the black bear. You headbutt the black bear.
The black bear is severely wounded.
You closely miss the black bear.
You headbutt the black bear, but do no damage.
The black bear is severely wounded.
The black bear bites you. The black bear completely misses you.
The black bear closely misses you.
You hit the black bear.
The black bear is severely wounded.
The black bear closely misses you. The black bear claws you.
The black bear claws you but does no damage.
You hit the black bear.
The black bear is severely wounded.
The black bear goes berserk!
You hit the black bear but do no damage.
You headbutt the black bear.
The black bear is severely wounded.
The black bear bites you!
* * * LOW HITPOINT WARNING * * *
The black bear claws you.
* * * LOW HITPOINT WARNING * * *
The black bear closely misses you.
You hit the black bear but do no damage.
The black bear is severely wounded.
The black bear barely misses you. x2
The black bear claws you but does no damage.
Unknown command.
You hit the black bear.
The black bear is almost dead.
The black bear bites you.
* * * LOW HITPOINT WARNING * * *
The black bear claws you.
* * * LOW HITPOINT WARNING * * *
The black bear claws you but does no damage.
The black bear bites you.
You die...

..#
.....########
.....h......#
.....######.#
... #.....# .
#.##### #.#<#
#.#.###
#.h@..#
###.#.#
...#.#
#.###.# #. .#
# .# .# .#


You could see a black bear (berserk).

Vanquished Creatures
  4 gnolls
  2 adders (D:3)
  2 ribbon worms (D:2)
  A dart slug (D:1)
  7 endoplasms
  A giant cockroach (D:2)
  4 goblins
  6 hobgoblins
  6 jackals (D:1)
  2 quokkas
  7 ball pythons
  2 bats
  3 frilled lizards
  6 kobolds
  3 rats
56 creatures vanquished.

Notes
Turn   | Place    | Note
-------+----------+-------------------------------------------
     0 | D:1      | AeshMezareph the Oni Warper began the quest for the Orb.
     0 | D:1      | Reached XP level 1. HP: 22/22 MP: 3/3
   115 | D:1      | Reached skill level 3 in Fighting
   202 | D:1      | Reached XP level 2. HP: 31/31 MP: 5/5
   618 | D:1      | Reached XP level 3. HP: 36/37 MP: 6/6
  1412 | D:2      | Reached skill level 4 in Fighting
  1412 | D:2      | Reached XP level 4. HP: 41/48 MP: 7/7
  2289 | D:3      | Found Kiskaigo's Book Shop.
  2424 | D:3      | Found Mazasa's Book Shop.
  2455 | D:3      | Found Vamie's Jewellery Emporium.
  2522 | D:3      | Found a broken altar of Ashenzari.
  2530 | D:3      | Found a basalt altar of Yredelemnul.
  2650 | D:3      | Found a shadowy altar of Dithmenos.
  2650 | D:3      | Found a shimmering blue altar of Sif Muna.
  2685 | D:3      | Found Xuseeb's Distillery.
  2921 | D:3      | Found Tiprut's Magic Scroll Emporium.
  2997 | D:3      | Bought a scroll of identify for 22 gold pieces
  3063 | D:3      | Reached XP level 5. HP: 43/54 MP: 8/8
  3288 | D:3      | Bought a potion of curing for 39 gold pieces
  3288 | D:3      | Bought a potion of heal wounds for 65 gold pieces
  3340 | D:4      | Noticed a black bear
  3426 | D:4      | Slain by a black bear

Illustrated notes

Levels and vault maps discovered:
D:1:      nicolae_arrival_somewhat_less_tricky_arrival, layout_loops_ring
D:2:      layout_rooms
D:3:      layout_basic, grunt_ashenzari_visionary
          [grunt_ashenzari_visionary_shoals, grunt_ashenzari_visionary_snake],
          gammafunk_temple_overflow_statue, mainiacjoe_overflow_catwalk,
          serial_shops, nicolae_shop_statue_plus, nicolae_lakefront_shop,
          shop_statue, nicolae_shop_tiny_glass, nicolae_shop_back_alley_shop,
          serial_corexii_hall, corexii_hall_statues_t,
          chequers_hall_statues_wall_a
D:4:      layout_basic, nicolae_ru_path_of_blood, lemuel_tele_altar,
          okawaru_metal_pillars_1_2, minmay_temple_entry_offerings,
          kennysheep_boxes, uniq_edmund

Skill      XL: |  1  2  3 |
---------------+----------+-----
Fighting       | 3 4 |  4.7
Translocations | 3 |  3.2
Maces & Flails | 3 |  3.5
Throwing       | |  1.0
Dodging        | |  2.1
Spellcasting   | |  2.4

Action                     |  1- 3 |  4- 6 || total
---------------------------+-------+-------++-------
  Melee: Mace              |   125 |    88 ||   213
         Headbutt          |    20 |    20 ||    40
    Use: Scroll            |       |     4 ||     4
         Potion            |       |     1 ||     1
 Armour: Robe              |   101 |   111 ||   212
  Dodge: Dodged            |    76 |    55 ||   131

Table legend: (Time is in decaauts)
 A = Elapsed time spent in this place.
 B = Non-inter-level travel time spent in this place.
 C = Inter-level travel time spent in this place.
 D = Time resting spent in this place.
 E = Time spent auto-exploring this place.
 F = Levels seen in this place.
 G = Mean time per level.
                   A        B        C        D        E       F      G
               +--------+--------+--------+--------+--------+-----+--------+
         Total |   3485 |   3235 |    250 |    616 |   2073 |   4 |  871.2 |
       Dungeon |   3485 |   3235 |    250 |    616 |   2073 |   4 |  871.2 |
               +--------+--------+--------+--------+--------+-----+--------+

Top non-repeatable levels by time:
     D:3: 1442 daAuts
     D:2: 1077 daAuts
     D:1: 918 daAuts
     D:4: 45 daAuts
